 Dungeon Crawl Stone Soup version 0.28.0-43-g3370ac3207 (webtiles) character file.

Game seed: 12291377076179917189

116 DearestLeader the Archer (level 5, -7/43 HPs)
             Began as a Gnoll Hunter on Feb 28, 2022.
             Was a Plaything of Xom.
             Mangled by an iguana (11 damage)
             ... on level 4 of the Dungeon.
             The game lasted 00:04:24 (3727 turns).

DearestLeader the Archer (Gnoll Hunter)             Turns: 3727, Time: 00:04:24

Health: -7/43      AC:  3    Str: 14    XL:     5   Next: 0%
Magic:  15/15      EV: 13    Int: 10    God:    Xom [..*...]
Gold:   108        SH:  0    Dex: 12    Spells: 6/6 levels left

rFire   . . .      SeeInvis .   t - +0 whip
rCold   . . .      Faith    .   (no shield)
rNeg    . . .      Spirit   .   c - +0 leather armour
rPois   .          Reflect  .   (no helmet)
rElec   .          Harm     .   (no cloak)
rCorr   .          Rampage  .   (no gloves)
Will    .....                   (no boots)
Stlth   ++........              (no amulet)
HPRegen 0.14/turn               n - ring of magical power
MPRegen 0.14/turn               (no ring)

@: no status effects
A: fangs 1, strong nose, distributed training
a: Renounce Religion


You were on level 4 of the Dungeon.
You worshipped Xom.
You were a toy of Xom.
You visited 1 branch of the dungeon, and saw 4 of its levels.

You collected 134 gold pieces.
You spent 26 gold pieces at shops.

Inventory:

Hand Weapons
 a - a +1 shortbow
 r - a +0 hunting sling
 t - a +0 whip (weapon)
Missiles
 d - 11 arrows
 i - 14 bolts
 s - 30 sling bullets
Armour
 c - a +0 leather armour (worn)
Jewellery
 n - a ring of magical power (left hand)
Scrolls
 b - a scroll of torment
 e - a scroll of enchant armour {unknown}
 f - a scroll of amnesia
 g - a scroll of noise {unknown}
 h - a scroll of fear
 l - a scroll of brand weapon {unknown}
 q - a scroll of summoning {unknown}
Potions
 j - a potion of curing {unknown}
 k - a potion of resistance {unknown}
 o - a potion of flight {unknown}
 p - 2 potions of might


   Skills:
 + Level 4.7 Fighting
 + Level 1.3 Short Blades
 + Level 1.3 Long Blades
 + Level 1.3 Axes
 + Level 1.3 Maces & Flails
 + Level 1.3 Polearms
 + Level 1.3 Staves
 + Level 1.3 Slings
 + Level 8.6 Bows
 + Level 1.3 Crossbows
 + Level 1.3 Throwing
 + Level 1.3 Armour
 + Level 4.7 Dodging
 + Level 2.6 Stealth
 + Level 1.3 Shields
 + Level 1.3 Unarmed Combat
 + Level 1.3 Spellcasting
 + Level 1.0 Conjurations
 + Level 1.0 Hexes
 + Level 1.0 Summonings
 + Level 1.0 Necromancy
 + Level 1.0 Translocations
 + Level 1.0 Transmutations
 + Level 1.0 Fire Magic
 + Level 1.0 Ice Magic
 + Level 1.0 Air Magic
 + Level 1.0 Earth Magic
 + Level 1.0 Poison Magic
 + Level 1.4 Invocations
 + Level 1.3 Evocations


You had 6 spell levels left.
You didn't know any spells.
Your spell library was empty.

Dungeon Overview and Level Annotations

Branches:
Dungeon (4/15)
 Temple: D:4-7

Altars:
Dithmenos
Fedhas
Trog
Xom

Shops:
D:2 *

Annotations:
D:4 Dowan, Duvessa


Innate Abilities, Weirdness & Mutations

You have very sharp teeth.
Your uncanny sense of smell can sniff out nearby items.
Your experience applies equally to all skills.


Message History

You barely miss the iguana. The iguana closely misses you.
You closely miss the iguana. The iguana bites you!
You are too injured to fight recklessly!
You are too injured to fight recklessly!
You are too injured to fight recklessly!
You are too injured to fight recklessly!
You are too injured to fight recklessly!
You are too injured to fight recklessly!
You hit the iguana.
The iguana is lightly wounded.
The iguana misses you.
You barely miss the iguana. Your bite misses the iguana.
The iguana is lightly wounded.
The iguana misses you.
You completely miss the iguana.
The iguana is lightly wounded.
The iguana barely misses you.
You hit the iguana. You bite the iguana, but do no damage.
The iguana is moderately wounded.
The iguana barely misses you.
You hit the iguana. You bite the iguana, but do no damage.
The iguana is heavily wounded.
The iguana closely misses you.
You hit the iguana.
The iguana is heavily wounded.
The iguana bites you.
You hit the iguana.
The iguana is severely wounded.
The iguana closely misses you.
You hit the iguana but do no damage.
The iguana is severely wounded.
The iguana barely misses you.
You hit the iguana. You bite the iguana, but do no damage.
The iguana is almost dead.
The iguana bites you!
* * * LOW HITPOINT WARNING * * *
You hit the iguana but do no damage.
The iguana is almost dead.
The iguana bites you!
You die...

#...# #.
#.### #.
#.##### #.
#.....# ##
#####.#
##.###.#
##...##.#
##.....#.#
#l@......#
##.....###
##...##
##....
#...##
#.....
#..##..
#... .#


You could see an iguana.

Vanquished Creatures
  Natasha (twice) (D:2)
  2 adders
  An adder skeleton (D:3)
  2 worms (D:2)
  A dart slug (D:3)
  4 bats
  An endoplasm (D:3)
  2 goblins
  6 hobgoblins
  4 jackals (D:1)
  A kobold (D:3)
  3 quokkas
  6 ball pythons
  A ball python skeleton (D:3)
  A frilled lizard (D:1)
  A rat (D:1)
38 creatures vanquished.

Notes
Turn   | Place    | Note
-------+----------+-------------------------------------------
     0 | D:1      | DearestLeader the Gnoll Hunter began the quest for the Orb.
     0 | D:1      | Reached XP level 1. HP: 20/20 MP: 1/1
   122 | D:1      | Found a faded altar of an unknown god.
   141 | D:1      | Reached XP level 2. HP: 25/26 MP: 2/2
   671 | D:2      | Noticed Natasha
   684 | D:2      | Killed Natasha
   685 | D:2      | Reached skill level 1 in Invocations
   685 | D:2      | Reached XP level 3. HP: 7/31 MP: 2/4
  1026 | D:2      | Noticed Natasha
  1034 | D:2      | Killed Natasha
  1035 | D:2      | Reached skill level 1 in Short Blades
  1035 | D:2      | Reached skill level 1 in Long Blades
  1035 | D:2      | Reached skill level 1 in Axes
  1035 | D:2      | Reached skill level 1 in Maces & Flails
  1035 | D:2      | Reached skill level 1 in Polearms
  1035 | D:2      | Reached skill level 1 in Staves
  1035 | D:2      | Reached skill level 1 in Slings
  1035 | D:2      | Reached skill level 1 in Crossbows
  1035 | D:2      | Reached skill level 1 in Throwing
  1035 | D:2      | Reached skill level 1 in Armour
  1035 | D:2      | Reached skill level 1 in Shields
  1035 | D:2      | Reached skill level 1 in Unarmed Combat
  1035 | D:2      | Reached skill level 1 in Spellcasting
  1035 | D:2      | Reached skill level 1 in Evocations
  1035 | D:2      | Reached XP level 4. HP: 33/38 MP: 5/5
  2006 | D:2      | Found Vyddes's Assorted Antiques.
  2078 | D:2      | Bought a metallic ruby potion for 26 gold pieces
  2316 | D:3      | Reached skill level 1 in Conjurations
  2316 | D:3      | Reached skill level 1 in Hexes
  2316 | D:3      | Reached skill level 1 in Summonings
  2316 | D:3      | Reached skill level 1 in Necromancy
  2316 | D:3      | Reached skill level 1 in Translocations
  2316 | D:3      | Reached skill level 1 in Transmutations
  2316 | D:3      | Reached skill level 1 in Fire Magic
  2316 | D:3      | Reached skill level 1 in Ice Magic
  2316 | D:3      | Reached skill level 1 in Air Magic
  2316 | D:3      | Reached skill level 1 in Earth Magic
  2316 | D:3      | Reached skill level 1 in Poison Magic
  2548 | D:3      | Found a blossoming altar of Fedhas.
  2837 | D:3      | Found a shimmering altar of Xom.
  2838 | D:3      | Found a shimmering altar of Xom.
  2838 | D:3      | Found a shimmering altar of Xom.
  2838 | D:3      | Found a shimmering altar of Xom.
  2838 | D:3      | Found a shimmering altar of Xom.
  2843 | D:3      | Became a worshipper of Xom of Chaos
  3058 | D:3      | Found a shadowy altar of Dithmenos.
  3059 | D:3      | Found a bloodstained altar of Trog.
  3202 | D:4      | Noticed Duvessa
  3203 | D:4      | Noticed Dowan
  3415 | D:3      | XOM: silly message
  3548 | D:4      | XOM: silly message
  3625 | D:4      | Reached XP level 5. HP: 37/43 MP: 6/6
  3685 | D:4      | XOM: silly message
  3727 | D:4      | Mangled by an iguana

Illustrated notes

Levels and vault maps discovered:
D:1:      scummos_arrival_simple_crosswalls, layout_basic,
          chequers_ecumenical_altar_twisty
D:2:      layout_basic, serial_shops, shop, minmay_misc_feat_more_columns,
          kennysheep_generic_room_10, uniq_natasha
D:3:      layout_basic, gammafunk_temple_overflow_forgotten, xom_redecorated,
          serial_undead, serial_undead_f, serial_undead_c, serial_undead_f,
          serial_undead_b, serial_undead_a
D:4:      layout_loops_ring, marbit_many_paths, minmay_temple_entry_ruins,
          uniq_duvessa, uniq_robin

Skill      XL: |  1  2  3  4 |
---------------+-------------+-----
Invocations    | 1 |  1.4
Short Blades   | 1 |  1.3
Long Blades    | 1 |  1.3
Axes           | 1 |  1.3
Maces & Flails | 1 |  1.3
Polearms       | 1 |  1.3
Staves         | 1 |  1.3
Slings         | 1 |  1.3
Crossbows      | 1 |  1.3
Throwing       | 1 |  1.3
Armour         | 1 |  1.3
Shields        | 1 |  1.3
Unarmed Combat | 1 |  1.3
Spellcasting   | 1 |  1.3
Evocations     | 1 |  1.3
Conjurations   | 1 |  1.0
Hexes          | 1 |  1.0
Summonings     | 1 |  1.0
Necromancy     | 1 |  1.0
Translocations | 1 |  1.0
Transmutations | 1 |  1.0
Fire Magic     | 1 |  1.0
Ice Magic      | 1 |  1.0
Air Magic      | 1 |  1.0
Earth Magic    | 1 |  1.0
Poison Magic   | 1 |  1.0
Fighting       | |  4.7
Bows           | |  8.6
Dodging        | |  4.7
Stealth        | |  2.6

Action                   |  1- 3 |  4- 6 || total
-------------------------+-------+-------++-------
Melee: Short sword       |       |    81 ||    81
       Whip              |       |    54 ||    54
       Bite              |       |    18 ||    18
       Punch             |       |     3 ||     3
 Fire: Shortbow          |    48 |     1 ||    49
  Use: Scroll            |       |     4 ||     4
 Stab: Sleeping          |       |     3 ||     3
Armor: Leather armour    |     3 |    22 ||    25
Dodge: Dodged            |    14 |    82 ||    96
